 Dungeon Crawl Stone Soup version 0.31-a0-986-g5e6e4ef867 (webtiles) character file.

Game seed: 3910818292318033515

644 Hubris850 the Ruffian (level 7, -3/52 HPs)
             Began as a Purple Draconian Shapeshifter on Nov 3, 2023.
             Slain by a gnoll
             ... wielding a +0 club
              (4 damage)
             ... on level 4 of the Dungeon.
             The game lasted 00:08:50 (3850 turns).

Hubris850 the Ruffian (DrSh)                        Turns: 3850, Time: 00:08:51

Health: -3/52      AC:  6    Str: 16    XL:     7   Next: 26%
Magic:  7/7        EV: 12    Int: 13    God:
Gold:   94         SH:  0    Dex: 10    Spells: 6/6 levels left

rFire   . .          .
                       - Unarmed
rCold   . . .        (no shield)
rNeg    . . .        (body armour unavailable)
rPois   .            (helmet currently unavailable)
rElec   .            (cloak currently unavailable)
rCorr   .            (gloves currently unavailable)
SInv    .            (boots currently unavailable)
Will    +....        (no amulet)
Stlth   +            (no ring)
HPRegen 0.28/turn    (no ring)
MPRegen 0.10/turn

%: no passive effects
@: beast-form
A: beast (slay +3), breathe power, AC +6, unfitting armour, cold-blooded
a: Breathe Dispelling Energy, Begin Untransformation


You were on level 4 of the Dungeon.
You were a hulking beast.
You visited 1 branch of the dungeon, and saw 4 of its levels.

You collected 249 gold pieces.
You spent 155 gold pieces at shops.

Inventory:

Armour
 k - a +0 cloak
Talismans
 b - a beast talisman
 c - a flux talisman
 g - a maw talisman
Wands
 i - a wand of flame (8)
 l - a wand of digging (6)
Scrolls
 e - a scroll of amnesia
 f - 4 scrolls of teleportation {unknown}
 h - a scroll of identify
Potions
 d - 4 potions of invisibility {unknown}
 j - a potion of attraction {unknown}
 m - a potion of resistance {unknown}
 n - a potion of haste {unknown}


   Skills:
 - Level 1.1 Fighting
 - Level 3.5 Dodging
 + Level 5.8 Unarmed Combat
 + Level 5.5 Shapeshifting


You had 6 spell levels left.
You didn't know any spells.
Your spell library contained the following spells:

 Spells                   Type           Power      Damage    Failure   Level
 Necrotise                Necr           0%         1d4       30%         1
 Wereblood                Tmut           0%         N/A       43%         2
 Vampiric Draining        Necr           0%         2d6       67%         3
 Petrify                  Tmut/Erth      0%         N/A       97%         4
 Agony                    Necr           0%         N/A       100%        5
 Irradiate                Conj/Tmut      0%         3d11      100%        5
 Eringya's Noxious Bog    Tmut/Pois      0%         4d6       100%        6


Dungeon Overview and Level Annotations

Branches:
Dungeon (4/15)
 Temple: D:4-7

Altars:
Gozag
Vehumet

Shops:
D:1 *


Innate Abilities, Weirdness & Mutations

You are a hulking beast.
Your limbs bulge with bestial killing power. (Slay +3)
You can breathe bolts of dispelling energy.
Your rich purple scales are hard. (AC +6)
You cannot fit into any form of body armour.
You are cold-blooded and may be slowed by cold attacks.


Message History

A kobold brigand comes into view.
It is wielding a +0 whip and quivering poisoned darts.
The kobold hits you with a +0 club.
You smack the kobold brigand!
You kill the kobold brigand!
The gnoll hits you but does no damage. The kobold hits you but does no damage.
You smack the kobold!
You kill the kobold!
The gnoll hits you but does no damage. The gnoll completely misses you.
The gnoll throws a throwing net.
The throwing net hits you.
You become entangled in the net!
The kobold throws a stone.
The stone hits you but does no damage. The gnoll barely misses you.
Unknown command.
You struggle against the net.
You feel less wooden.
You turn into a hulking beast.
You feel yourself speed up. The gnoll hits you with a +0 club.
The gnoll barely misses you. The gnoll hits you with a +0 club.
The kobold hits you but does no damage. The gnoll hits you with a +3 whip.
The gnoll barely misses you.
You struggle against the net.
The gnoll hits you but does no damage. The gnoll barely misses you.
A gnoll comes into view. It is wielding a +0 spear.
The kobold barely misses you.
You struggle against the net.
The gnoll hits you but does no damage. The gnoll barely misses you.
The gnoll hits you with a +3 whip!
* * * LOW HITPOINT WARNING * * *
You rip the net and break free!
The gnoll hits you but does no damage. The gnoll barely misses you.
The gnoll hits you with a +3 whip.
* * * LOW HITPOINT WARNING * * *
You closely miss the gnoll. The gnoll misses you. The gnoll closely misses you.
The gnoll hits you with a +3 whip.
* * * LOW HITPOINT WARNING * * *
The kobold brigand hits you with a +0 whip!
* * * LOW HITPOINT WARNING * * *
Unknown command.
As you read the scroll labelled ISOSEONEMM, it crumbles to dust.
It is a scroll of identify.
e - a scroll of amnesia The gnoll hits you with a +0 club.
You die...

.#......# '......' ...... #....#
#g...# #.Kg.
###########gK################
≈≈≈≈≈≈≈≈≈≈≈≈≈~.ghg~≈≈≈≈≈≈≈≈≈≈≈≈≈≈
~~≈≈≈≈≈≈≈≈≈≈~.....~~≈≈≈≈≈≈≈≈≈~≈≈≈
≈~~~~~~~≈~~~~~....~~~~~~~~~~~~~~~
.~.~~~~~~..~~~.....(..~..~~.~....
.................................
.................................
.................((..............
.......................##.###.###
...#.####...###..<.....##.###.#


You could see a kobold brigand, 5 gnolls and a kobold.

Vanquished Creatures
  2 phantoms (D:4)
  A kobold brigand (D:4)
  2 scorpions
  A hound (D:3)
  An orc priest (D:3)
  Natasha (thrice) (D:2)
  An orc wizard (D:4)
  Robin (D:3)
  4 adders
  A worm (D:3)
  8 orcs
  5 ball pythons
  2 endoplasms
  5 giant cockroaches
  7 goblins
  17 hobgoblins
  4 jackals
  2 quokkas (D:3)
  9 bats
  5 frilled lizards
  9 kobolds
  5 rats
95 creatures vanquished.

Notes
Turn   | Place    | Note
-------+----------+-------------------------------------------
     0 | D:1      | Hubris850 the Draconian Shapeshifter began the quest for
                  | the Orb.
     0 | D:1      | Reached XP level 1. HP: 16/16 MP: 1/1
    92 | D:1      | Got the Directory of Alteration
   194 | D:1      | Reached XP level 2. HP: 23/23 MP: 2/2
   618 | D:1      | Found Nesusishrie's Assorted Antiques.
   632 | D:1      | Reached XP level 3. HP: 28/28 MP: 3/3
  1035 | D:2      | Noticed Natasha
  1050 | D:2      | Killed Natasha
  1117 | D:2      | Noticed Natasha
  1127 | D:2      | Killed Natasha
  1128 | D:2      | Reached XP level 4. HP: 16/35 MP: 4/4
  1435 | D:2      | Noticed Natasha
  1450 | D:2      | Killed Natasha
  1705 | D:3      | Noticed Robin
  1712 | D:3      | Killed Robin
  1713 | D:3      | Reached XP level 5. HP: 40/40 MP: 5/5
  2022 | D:3      | Reached XP level 6. HP: 44/47 MP: 6/6
  3126 | D:1      | Bought an ivory wand for 92 gold pieces
  3126 | D:1      | Bought a fizzy ruby potion for 20 gold pieces
  3126 | D:1      | Bought a scroll labelled UPNYEDGH HOST for 23 gold pieces
  3126 | D:1      | Bought an emerald potion for 20 gold pieces
  3236 | D:4      | Reached skill level 5 in Unarmed Combat
  3365 | D:4      | Reached skill level 5 in Shapeshifting
  3367 | D:4      | Your scales start taking on a rich purple colour.
  3367 | D:4      | Reached XP level 7. HP: 32/52 MP: 7/7
  3446 | D:4      | Found a radiant altar of Vehumet.
  3698 | D:4      | Found an opulent altar of Gozag.
  3849 | D:4      | HP: 1/52 [kobold brigand/+0 whip (7)]
  3850 | D:4      | Slain by a gnoll

Illustrated notes

Levels and vault maps discovered:
D:1:      minmay_arrival_up_and_down, layout_basic, serial_shops,
          nicolae_shop_statue_plus, minmay_misc_feat_roman, patterned_corridor
D:2:      layout_basic, fountainhead, feat_on_display, uniq_natasha
D:3:      minmay_door_path, layout_basic, uniq_robin
D:4:      minmay_goblin_kobold_castle, layout_rooms,
          mainiacjoe_overflow_concentric_impassable, nicolae_vehumet_radiance

Skill      XL: |  1  2  3  4  5  6 |
---------------+-------------------+-----
Dodging        | 2 3 |  3.5
Unarmed Combat | 4 5 |  5.8
Shapeshifting  | 4 5 |  5.5
Fighting       | |  1.1

Action                     |  1- 3 |  4- 6 |  7- 9 || total
---------------------------+-------+-------+-------++-------
  Melee: Unarmed           |   102 |   151 |    29 ||   282
         Punch             |     2 |     5 |     1 ||     8
         Tailslap          |     7 |    15 |     1 ||    23
Ability: Breathe Dispellin |       |       |     1 ||     1
  Evoke: Wand              |       |     4 |       ||     4
    Use: Scroll            |       |       |     1 ||     1
         Potion            |       |       |     1 ||     1
 Armour: Skin              |    49 |    67 |    46 ||   162
  Dodge: Dodged            |    62 |    69 |    26 ||   157

Table legend: (Time is in decaauts)
 A = Elapsed time spent in this place.
 B = Non-inter-level travel time spent in this place.
 C = Inter-level travel time spent in this place.
 D = Time resting spent in this place.
 E = Time spent auto-exploring this place.
 F = Levels seen in this place.
 G = Mean time per level.
                   A        B        C        D        E       F      G
               +--------+--------+--------+--------+--------+-----+--------+
         Total |   3835 |   3470 |    365 |    189 |   2683 |   4 |  958.8 |
       Dungeon |   3835 |   3470 |    365 |    189 |   2683 |   4 |  958.8 |
               +--------+--------+--------+--------+--------+-----+--------+

Top non-repeatable levels by time:
     D:3: 1465 daAuts
     D:1: 899 daAuts
     D:2: 815 daAuts
     D:4: 655 daAuts
